 Dungeon Crawl Stone Soup version 0.22.1-1-ga44c0e5 (webtiles) character file.

4344 Loudmushroom the Cleaver (level 10, -2/63 HPs)
             Began as a Gargoyle Fighter on Sept 26, 2018.
             Was a Priest of Okawaru.
             Slain by Gastronok (17 damage)
             ... on level 1 of the Lair of Beasts.
             The game lasted 01:38:05 (12322 turns).

Loudmushroom the Cleaver (Gargoyle Fighter)        Turns: 12322, Time: 01:38:06

Health: -2/63      AC: 28    Str: 23    XL:     10   Next: 34%
Magic:  0/13       EV:  8    Int:  9    God:    Okawaru [***...]
Gold:   657        SH: 19    Dex:  9    Spells: 9/9 levels left

rFire    . . .     SeeInvis .   a - +0 war axe
rCold    . . .     Gourm    .   I - +0 large shield
rNeg     + . .     Faith    .   K - +0 chain mail
rPois    ∞         Spirit   +   H - +0 helmet
rElec    +         Reflect  .   w - +0 cloak
rCorr    .         Harm     .   R - +0 pair of gloves
MR       .....                  q - +1 pair of boots
Stlth    ..........             g - amulet of guardian spirit
HPRegen  0.20/turn              C - +2 ring of protection
MPRegen  0.13/turn              O - ring of flight

@: heroism
A: negative energy resistance 1, electricity resistance, unbreathing,
petrification resistance, rot immunity, AC +7
a: Heroism, Renounce Religion, Evoke Flight


You were on level 1 of the Lair of Beasts.
You worshipped Okawaru.
Okawaru was most pleased with you.
You were not hungry.

You visited 3 branches of the dungeon, and saw 11 of its levels.

You collected 657 gold pieces.

Inventory:

Hand Weapons
 a - a +0 war axe (weapon)
 b - a +0 hunting sling
 y - a +1 hand axe of venom
 B - a +0 trident
 E - a +0 blowgun
 N - a +0 spear of freezing
 Q - a +2 vampiric war axe
Missiles
 m - 294 stones
 r - 5 needles of confusion
 s - 57 bolts
 u - 26 poisoned needles
 x - 8 tomahawks
 D - 63 sling bullets
 L - 5 javelins (quivered)
Armour
 q - a +1 pair of boots (worn)
 w - a +0 cloak (worn)
 H - a +0 helmet (worn)
 I - a +0 large shield (worn)
 K - a +0 chain mail (worn)
 R - a +0 pair of gloves (worn)
Jewellery
 g - an amulet of guardian spirit (around neck)
 C - a +2 ring of protection (left hand)
 F - an uncursed amulet of the acrobat
 O - a ring of flight (right hand)
 U - an uncursed amulet of rage {unknown}
Wands
 j - a wand of random effects (20)
 J - a wand of disintegration (10)
 T - a wand of clouds (9)
Scrolls
 h - 2 scrolls of identify
 p - 4 scrolls of fear
 t - a scroll of fog
 v - a scroll of blinking
 P - 5 scrolls of remove curse
Potions
 c - a potion of agility {unknown}
 d - 3 potions of might
 e - 4 potions of heal wounds
 i - 2 potions of flight {unknown}
 k - 10 potions of curing
 l - 3 potions of berserk rage {unknown}
 n - 2 potions of haste
 o - a potion of brilliance {unknown}
 z - a potion of magic {unknown}
 A - 2 potions of ambrosia {unknown}
 G - 3 potions of invisibility
 S - a potion of mutation {unknown}
 V - a potion of lignification {unknown}
Miscellaneous
 M - a sack of spiders
 X - a phantom mirror
Comestibles
 f - 16 rations


   Skills:
 + Level 7.4(12.4) Fighting
 * Level 8.1(13.1) Axes
 + Level 7.3(12.3) Armour
 + Level 7.4(12.4) Shields
 + Level 4.3 Invocations
 + Level 3.7 Evocations


You had 9 spell levels left.
You didn't know any spells.
Your spell library contained the following spells:

 Spells                   Type           Power        Failure   Level  Hunger
 Magic Dart               Conj           #...         100%        1    ##.....
 Searing Ray              Conj           #.....       100%        2    ###....
 Dazzling Spray           Conj/Hex       #.....       100%        3    ####...
 Force Lance              Conj/Tloc      #.......     100%        4    #####..
 Fulminant Prism          Conj/Hex       #.........   100%        4    #####..
 Iskenderun's Mystic Bla  Conj           #.......     100%        4    #####..


Dungeon Overview and Level Annotations

Branches:
Dungeon (9/15)             Temple (1/1) D:6            Lair (1/6) D:9
    Orc: D:9-12

Altars:
Ashenzari
Dithmenos
Fedhas
Kikubaaqudgha
Makhleb
Okawaru
Qazlal
Ru
Vehumet
Wu Jian
Xom
Yredelemnul
Zin
The Shining One

Shops:
D:8 (

Annotations:
D:4 3 runed doors, Jaiteiro's ghost, amateur CeGl; MalarOregon's ghost, amateur MiAK
Lair:1 Gastronok


Innate Abilities, Weirdness & Mutations

You are resistant to torment.
Your stone body is resilient. (AC +7)
You are immune to poison.
You resist negative energy. (rN+)
You are resistant to electric shocks. (rElec)
You can survive without breathing.
You are immune to petrification.
You are immune to rotting.


Message History

Level annotation: Gastronok
There is a staircase back to the Dungeon here.
You gain the combat prowess of a mighty hero.
Gastronok bites you!
You hit Gastronok but do no damage. You hit Gastronok.
Gastronok is lightly wounded.
Gastronok bites you!!
You hit Gastronok.
Gastronok is lightly wounded.
Your shield prevents you from hitting Gastronok.
Gastronok is lightly wounded.
Gastronok bites you!!
* * * LOW HITPOINT WARNING * * *
You hit Gastronok but do no damage.
Gastronok is lightly wounded.
You hit Gastronok but do no damage.
Gastronok is lightly wounded.
Gastronok bites you!!
You die...

######## #..##..###
##.......# ######
####.......)#
#.##.####...........##
#..##.<..........>...#
##..................##
##.....@............##
##......w.....#.....##
#.#.........#......##
#####......#...P..##
##.....P..#####
#.......## #####
#.......#
#.#.####.....P.##
##....##........#


You could see Gastronok.

Vanquished Creatures
  The ghost of SaintRoka the Grappler, a novice VSFi of Cheibriados (Lair:1)
  2 komodo dragons (Lair:1)
  A hippogriff (D:7)
  Eustachio (D:4)
  Menkaure (D:4)
  Duvessa (D:5)
  An ice beast (D:8)
  2 phantoms
  A black bear (D:9)
  3 sky beasts
  A centaur (D:8)
  An ogre (D:9)
  2 crocodiles
  5 bullfrogs
  Dowan (D:5)
  3 scorpions
  5 killer bees
  6 howler monkeys
  4 crimson imps
  A bullfrog zombie (D:6)
  Crazy Yiuf (D:6)
  2 gnoll shamans (D:7)
  2 bullfrog skeletons
  3 iguanas
  Ijyb (D:2)
  Natasha (D:2)
  3 orc wizards
  4 worker ants
  2 worker ant zombies
  Robin (D:3)
  11 gnolls (D:7)
  10 adders
  2 adder skeletons
  4 worms
  2 dart slugs
  7 leopard geckos
  20 orcs
  A bat (D:3)
  4 giant cockroaches
  25 goblins
  8 hobgoblins
  6 jackals (D:7)
  8 kobolds
  A quokka (D:8)
  4 frilled lizards
  A leopard gecko skeleton (D:8)
  2 quokka skeletons
  7 rats
  3 fungi (D:6)
189 creatures vanquished.

Vanquished Creatures (others)
  A leopard gecko (D:6)
  A butterfly (D:6)
  A plant (Lair:1)
  2 withered plants (D:4)
5 creatures vanquished.

Grand Total: 194 creatures vanquished

Notes
Turn   | Place    | Note
-------+----------+-------------------------------------------
     0 | D:1      | Loudmushroom the Gargoyle Fighter began the quest for the
                  | Orb.
     0 | D:1      | Reached XP level 1. HP: 14/14 MP: 1/1
   240 | D:1      | Reached skill level 2 in Axes
   269 | D:1      | Reached XP level 2. HP: 19/19 MP: 2/2
   817 | D:2      | Noticed Ijyb
   889 | D:2      | Killed Ijyb
   889 | D:2      | Reached XP level 3. HP: 5/24 MP: 3/3
  1223 | D:2      | Reached XP level 4. HP: 29/29 MP: 4/4
  1625 | D:2      | Reached skill level 3 in Axes
  1634 | D:2      | Found an ancient bone altar of Kikubaaqudgha.
  1688 | D:2      | Noticed Natasha
  1700 | D:2      | Killed Natasha
  1782 | D:2      | Reached XP level 5. HP: 31/33 MP: 5/5
  2561 | D:3      | Noticed Robin
  2590 | D:3      | Killed Robin
  3144 | D:4      | Reached XP level 6. HP: 31/39 MP: 6/6
  3219 | D:4      | Noticed Eustachio
  3710 | D:4      | HP: 1/39 [shadow imp/nerve-wracking pain[Eustachio] (4)]
  4006 | D:4      | Reached skill level 4 in Axes
  4336 | D:4      | Killed Eustachio
  4336 | D:4      | Reached XP level 7. HP: 23/44 MP: 7/7
  4569 | D:4      | Found a sacrificial altar of Ru.
  4581 | D:4      | Found an ornate altar of the Wu Jian Council.
  4934 | D:4      | Found a runed gate.
  4935 | D:4      | Found a runed gate.
  4936 | D:4      | Found a runed gate.
  4937 | D:4      | Noticed Jaiteiro's ghost (amateur CeGl)
  4937 | D:4      | Noticed MalarOregon's ghost (amateur MiAK)
  5010 | D:4      | Noticed Menkaure
  5014 | D:4      | Killed Menkaure
  5014 | D:4      | Reached skill level 5 in Fighting
  5254 | D:5      | Entered Level 5 of the Dungeon
  5336 | D:5      | Reached skill level 5 in Axes
  5336 | D:5      | Reached skill level 5 in Armour
  5336 | D:5      | Reached skill level 5 in Shields
  5420 | D:5      | Noticed Duvessa
  5458 | D:5      | Killed Duvessa
  5627 | D:5      | Reached XP level 8. HP: 37/50 MP: 8/8
  5727 | D:5      | Found a radiant altar of Vehumet.
  5803 | D:5      | Noticed Dowan
  5934 | D:5      | Killed Dowan
  6039 | D:5      | Found a shimmering altar of Xom.
  6304 | D:5      | Found a shimmering altar of Xom.
  6524 | D:6      | Found a burning altar of Makhleb.
  7326 | D:6      | Found a runed door.
  7330 | D:6      | Noticed Crazy Yiuf
  7334 | D:6      | Killed Crazy Yiuf
  7463 | D:6      | Found a staircase to the Ecumenical Temple.
  7472 | Temple   | Entered the Ecumenical Temple
  7491 | Temple   | Became a worshipper of Warmaster Okawaru
  7643 | D:6      | Reached skill level 6 in Axes
  7643 | D:6      | Reached skill level 1 in Evocations
  8274 | D:7      | Reached skill level 1 in Invocations
  8483 | D:7      | Noticed a hippogriff
  8498 | D:7      | Killed a hippogriff
  8498 | D:7      | Reached * piety under Okawaru
  8498 | D:7      | Reached XP level 9. HP: 48/55 MP: 10/10
  8544 | D:7      | Found a shattered altar of Ashenzari.
  8544 | D:7      | Found a basalt altar of Yredelemnul.
  9133 | D:8      | Found Doagomp's Antique Weapon Boutique.
  9304 | D:7      | Reached ** piety under Okawaru
  9357 | D:7      | Reached skill level 7 in Axes
 10297 | D:8      | Reached *** piety under Okawaru
 11077 | D:9      | Found a glowing golden altar of the Shining One.
 11100 | D:9      | Found a staircase to the Lair.
 11204 | D:9      | Found a stormy altar of Qazlal.
 11309 | D:9      | Reached XP level 10. HP: 63/63 MP: 12/12
 11493 | Lair:1   | Entered Level 1 of the Lair of Beasts
 11555 | Lair:1   | Found a runed door.
 11556 | Lair:1   | Noticed SaintRoka's ghost (novice VSFi)
 11603 | Lair:1   | Killed SaintRoka's ghost
 11603 | Lair:1   | Reached skill level 8 in Axes
 11701 | Lair:1   | Noticed Gastronok
 12322 | Lair:1   | Slain by Gastronok

Skill      XL: |  1  2  3  4  5  6  7  8  9 10 |
---------------+-------------------------------+-----
Axes           | 2 3 4 5 6 7 8 |  8.1
Fighting       | 4 5 6 7 |  7.4
Armour         | 4 5 6 7 |  7.3
Shields        | 4 5 6 7 |  7.4
Evocations     | 1 3 |  3.7
Invocations    | 1 3 4 |  4.3

Action                   |  1- 3 |  4- 6 |  7- 9 | 10-12 || total
-------------------------+-------+-------+-------+-------++-------
Melee: War axe           |   105 |   337 |   582 |    77 ||  1101
Throw: Javelin           |       |       |     1 |       ||     1
Invok: Heroism           |       |       |       |     4 ||     4
  Use: Scroll            |       |       |    16 |       ||    16
  Eat: Chunk             |       |     8 |    16 |       ||    24
       Ration            |       |     1 |     2 |     2 ||     5
Armor: Scale mail        |   103 |   119 |       |       ||   222
       Chain mail        |       |   441 |   452 |    26 ||   919
Dodge: Dodged            |    45 |   185 |    93 |     6 ||   329
Block: Shield            |    53 |   360 |    89 |       ||   502
       Large shield      |       |       |   428 |    55 ||   483
